%YAML 1.1
%TAG !u! tag:unity3d.com,2011:
--- !u!1 &4720194393228449173
GameObject:
  m_ObjectHideFlags: 0
  m_CorrespondingSourceObject: {fileID: 0}
  m_PrefabInstance: {fileID: 0}
  m_PrefabAsset: {fileID: 0}
  serializedVersion: 6
  m_Component:
  - component: {fileID: 4720194393228449174}
  - component: {fileID: 4720194393228449175}
  m_Layer: 0
  m_Name: sprite
  m_TagString: Untagged
  m_Icon: {fileID: 0}
  m_NavMeshLayer: 0
  m_StaticEditorFlags: 0
  m_IsActive: 1
--- !u!4 &4720194393228449174
Transform:
  m_ObjectHideFlags: 0
  m_CorrespondingSourceObject: {fileID: 0}
  m_PrefabInstance: {fileID: 0}
  m_PrefabAsset: {fileID: 0}
  m_GameObject: {fileID: 4720194393228449173}
  m_LocalRotation: {x: -0, y: -0, z: -0, w: 1}
  m_LocalPosition: {x: 0, y: 0, z: 0}
  m_LocalScale: {x: 4, y: 4, z: 1}
  m_Children: []
  m_Father: {fileID: 4720194394132568985}
  m_RootOrder: 0
  m_LocalEulerAnglesHint: {x: 0, y: 0, z: 0}
--- !u!212 &4720194393228449175
SpriteRenderer:
  m_ObjectHideFlags: 0
  m_CorrespondingSourceObject: {fileID: 0}
  m_PrefabInstance: {fileID: 0}
  m_PrefabAsset: {fileID: 0}
  m_GameObject: {fileID: 4720194393228449173}
  m_Enabled: 1
  m_CastShadows: 0
  m_ReceiveShadows: 0
  m_DynamicOccludee: 1
  m_MotionVectors: 1
  m_LightProbeUsage: 1
  m_ReflectionProbeUsage: 1
  m_RayTracingMode: 0
  m_RenderingLayerMask: 1
  m_RendererPriority: 0
  m_Materials:
  - {fileID: 10754, guid: 0000000000000000f000000000000000, type: 0}
  m_StaticBatchInfo:
    firstSubMesh: 0
    subMeshCount: 0
  m_StaticBatchRoot: {fileID: 0}
  m_ProbeAnchor: {fileID: 0}
  m_LightProbeVolumeOverride: {fileID: 0}
  m_ScaleInLightmap: 1
  m_ReceiveGI: 1
  m_PreserveUVs: 0
  m_IgnoreNormalsForChartDetection: 0
  m_ImportantGI: 0
  m_StitchLightmapSeams: 1
  m_SelectedEditorRenderState: 0
  m_MinimumChartSize: 4
  m_AutoUVMaxDistance: 0.5
  m_AutoUVMaxAngle: 89
  m_LightmapParameters: {fileID: 0}
  m_SortingLayerID: 313070691
  m_SortingLayer: 3
  m_SortingOrder: 0
  m_Sprite: {fileID: 21300000, guid: 8e4fd1043e415ca4c8dd1f9be49b0d52, type: 3}
  m_Color: {r: 1, g: 1, b: 1, a: 1}
  m_FlipX: 0
  m_FlipY: 0
  m_DrawMode: 0
  m_Size: {x: 1, y: 1}
  m_AdaptiveModeThreshold: 0.5
  m_SpriteTileMode: 0
  m_WasSpriteAssigned: 1
  m_MaskInteraction: 0
  m_SpriteSortPoint: 0
--- !u!1 &4720194394132569070
GameObject:
  m_ObjectHideFlags: 0
  m_CorrespondingSourceObject: {fileID: 0}
  m_PrefabInstance: {fileID: 0}
  m_PrefabAsset: {fileID: 0}
  serializedVersion: 6
  m_Component:
  - component: {fileID: 4720194394132568985}
  - component: {fileID: 4720194394132568984}
  - component: {fileID: 4720194394132569063}
  - component: {fileID: 4720194394132569062}
  - component: {fileID: 4720194394132569061}
  - component: {fileID: 4720194394132569060}
  - component: {fileID: 4720194394132569059}
  - component: {fileID: 4720194394132569058}
  - component: {fileID: 4720194394132569057}
  - component: {fileID: 4720194394132569071}
  m_Layer: 10
  m_Name: BossShip
  m_TagString: Untagged
  m_Icon: {fileID: 0}
  m_NavMeshLayer: 0
  m_StaticEditorFlags: 0
  m_IsActive: 0
--- !u!4 &4720194394132568985
Transform:
  m_ObjectHideFlags: 0
  m_CorrespondingSourceObject: {fileID: 0}
  m_PrefabInstance: {fileID: 0}
  m_PrefabAsset: {fileID: 0}
  m_GameObject: {fileID: 4720194394132569070}
  m_LocalRotation: {x: 0, y: 0, z: 0, w: 1}
  m_LocalPosition: {x: 0, y: 0, z: 0}
  m_LocalScale: {x: 1, y: 1, z: 1}
  m_Children:
  - {fileID: 4720194393228449174}
  m_Father: {fileID: 0}
  m_RootOrder: 0
  m_LocalEulerAnglesHint: {x: 0, y: 0, z: 0}
--- !u!114 &4720194394132568984
MonoBehaviour:
  m_ObjectHideFlags: 0
  m_CorrespondingSourceObject: {fileID: 0}
  m_PrefabInstance: {fileID: 0}
  m_PrefabAsset: {fileID: 0}
  m_GameObject: {fileID: 4720194394132569070}
  m_Enabled: 1
  m_EditorHideFlags: 0
  m_Script: {fileID: 11500000, guid: bc685b8391ca3ae41bbc245fc12106f7, type: 3}
  m_Name: 
  m_EditorClassIdentifier: 
  _id: {fileID: 11400000, guid: e4189e93882678b48a058a35d8d88ea9, type: 2}
  _gameActorFeatures:
  - {fileID: 4720194394132569063}
  - {fileID: 4720194394132569062}
  - {fileID: 4720194394132569061}
  - {fileID: 4720194394132569060}
  - {fileID: 4720194394132569059}
  _time: 0
  _onGameActorDestroyedEvt: {fileID: 11400000, guid: cebde52ca573cf74e91e1f5751a319c8,
    type: 2}
--- !u!114 &4720194394132569063
MonoBehaviour:
  m_ObjectHideFlags: 0
  m_CorrespondingSourceObject: {fileID: 0}
  m_PrefabInstance: {fileID: 0}
  m_PrefabAsset: {fileID: 0}
  m_GameObject: {fileID: 4720194394132569070}
  m_Enabled: 1
  m_EditorHideFlags: 0
  m_Script: {fileID: 11500000, guid: eae1b8fa85451d745bd3704bc154f597, type: 3}
  m_Name: 
  m_EditorClassIdentifier: 
  _rb2d: {fileID: 4720194394132569057}
--- !u!114 &4720194394132569062
MonoBehaviour:
  m_ObjectHideFlags: 0
  m_CorrespondingSourceObject: {fileID: 0}
  m_PrefabInstance: {fileID: 0}
  m_PrefabAsset: {fileID: 0}
  m_GameObject: {fileID: 4720194394132569070}
  m_Enabled: 1
  m_EditorHideFlags: 0
  m_Script: {fileID: 11500000, guid: 02c78c4e6dc46ed4bbb0465c820bd6c5, type: 3}
  m_Name: 
  m_EditorClassIdentifier: 
  _physicsAsset: {fileID: 11400000, guid: 6dfaf080143b43f4ea0cda4c4ef74973, type: 2}
  _inputProvider: {fileID: 4720194394132569060}
  _rb2d: {fileID: 4720194394132569057}
--- !u!114 &4720194394132569061
MonoBehaviour:
  m_ObjectHideFlags: 0
  m_CorrespondingSourceObject: {fileID: 0}
  m_PrefabInstance: {fileID: 0}
  m_PrefabAsset: {fileID: 0}
  m_GameObject: {fileID: 4720194394132569070}
  m_Enabled: 1
  m_EditorHideFlags: 0
  m_Script: {fileID: 11500000, guid: e130d4833a5f96e418e2f7e5a08588cd, type: 3}
  m_Name: 
  m_EditorClassIdentifier: 
  _oneHitDestroyTag: OneHitDestroy
  _health: 1500
  _baseHealth: 1500
--- !u!114 &4720194394132569060
MonoBehaviour:
  m_ObjectHideFlags: 0
  m_CorrespondingSourceObject: {fileID: 0}
  m_PrefabInstance: {fileID: 0}
  m_PrefabAsset: {fileID: 0}
  m_GameObject: {fileID: 4720194394132569070}
  m_Enabled: 1
  m_EditorHideFlags: 0
  m_Script: {fileID: 11500000, guid: 14f2f8fd97e1ed344bdfded36acbf99f, type: 3}
  m_Name: 
  m_EditorClassIdentifier: 
  xMovement:
    serializedVersion: 2
    m_Curve:
    - serializedVersion: 3
      time: 0
      value: 0.3
      inSlope: -0.021274164
      outSlope: -0.021274164
      tangentMode: 0
      weightedMode: 0
      inWeight: 0
      outWeight: 0.7311664
    - serializedVersion: 3
      time: 0.25
      value: -0.3
      inSlope: 0.011986846
      outSlope: 0.011986846
      tangentMode: 0
      weightedMode: 0
      inWeight: 0.33333334
      outWeight: 0.35916772
    - serializedVersion: 3
      time: 0.5
      value: 0.3
      inSlope: 0
      outSlope: 0
      tangentMode: 34
      weightedMode: 0
      inWeight: 0.33333334
      outWeight: 0.33333334
    - serializedVersion: 3
      time: 0.75
      value: -0.3
      inSlope: 0.008545247
      outSlope: 0.008545247
      tangentMode: 0
      weightedMode: 0
      inWeight: 0.33333334
      outWeight: 0.51957256
    - serializedVersion: 3
      time: 1
      value: 0.3
      inSlope: 0.004808131
      outSlope: 0.004808131
      tangentMode: 0
      weightedMode: 0
      inWeight: 0.41790608
      outWeight: 0
    m_PreInfinity: 1
    m_PostInfinity: 1
    m_RotationOrder: 4
  yMovement:
    serializedVersion: 2
    m_Curve:
    - serializedVersion: 3
      time: 0
      value: -0.2
      inSlope: 0.39942923
      outSlope: 0.39942923
      tangentMode: 0
      weightedMode: 0
      inWeight: 0
      outWeight: 0.06575584
    - serializedVersion: 3
      time: 1.0025024
      value: 0
      inSlope: 0
      outSlope: 0
      tangentMode: 0
      weightedMode: 0
      inWeight: 0.06825212
      outWeight: 0
    m_PreInfinity: 2
    m_PostInfinity: 2
    m_RotationOrder: 4
  totalDuration: 3
--- !u!114 &4720194394132569059
MonoBehaviour:
  m_ObjectHideFlags: 0
  m_CorrespondingSourceObject: {fileID: 0}
  m_PrefabInstance: {fileID: 0}
  m_PrefabAsset: {fileID: 0}
  m_GameObject: {fileID: 4720194394132569070}
  m_Enabled: 1
  m_EditorHideFlags: 0
  m_Script: {fileID: 11500000, guid: ece607d7a8efb784e9e33e4eff34f786, type: 3}
  m_Name: 
  m_EditorClassIdentifier: 
  _requestShootEvt: {fileID: 11400000, guid: 15754ffac628af947ac83affc370d198, type: 2}
  _inputProvider: {fileID: 4720194394132569058}
  _currentWeapon: {fileID: 11400000, guid: 02b4091d5be055541bff4730b53e2bca, type: 2}
--- !u!114 &4720194394132569058
MonoBehaviour:
  m_ObjectHideFlags: 0
  m_CorrespondingSourceObject: {fileID: 0}
  m_PrefabInstance: {fileID: 0}
  m_PrefabAsset: {fileID: 0}
  m_GameObject: {fileID: 4720194394132569070}
  m_Enabled: 1
  m_EditorHideFlags: 0
  m_Script: {fileID: 11500000, guid: 370b016c4a268004bb1011b3fe6bd9af, type: 3}
  m_Name: 
  m_EditorClassIdentifier: 
  _gameActor: {fileID: 4720194394132568984}
  _requestShootEvt: {fileID: 11400000, guid: 15754ffac628af947ac83affc370d198, type: 2}
  _fireChange: 0.05
  _shoots: 100000
--- !u!50 &4720194394132569057
Rigidbody2D:
  serializedVersion: 4
  m_ObjectHideFlags: 0
  m_CorrespondingSourceObject: {fileID: 0}
  m_PrefabInstance: {fileID: 0}
  m_PrefabAsset: {fileID: 0}
  m_GameObject: {fileID: 4720194394132569070}
  m_BodyType: 0
  m_Simulated: 1
  m_UseFullKinematicContacts: 0
  m_UseAutoMass: 0
  m_Mass: 1
  m_LinearDrag: 0
  m_AngularDrag: 0.05
  m_GravityScale: 0
  m_Material: {fileID: 0}
  m_Interpolate: 1
  m_SleepingMode: 0
  m_CollisionDetection: 1
  m_Constraints: 4
--- !u!60 &4720194394132569071
PolygonCollider2D:
  m_ObjectHideFlags: 0
  m_CorrespondingSourceObject: {fileID: 0}
  m_PrefabInstance: {fileID: 0}
  m_PrefabAsset: {fileID: 0}
  m_GameObject: {fileID: 4720194394132569070}
  m_Enabled: 1
  m_Density: 1
  m_Material: {fileID: 0}
  m_IsTrigger: 1
  m_UsedByEffector: 0
  m_UsedByComposite: 0
  m_Offset: {x: 0, y: 0}
  m_SpriteTilingProperty:
    border: {x: 0, y: 0, z: 0, w: 0}
    pivot: {x: 0, y: 0}
    oldSize: {x: 0, y: 0}
    newSize: {x: 0, y: 0}
    adaptiveTilingThreshold: 0
    drawMode: 0
    adaptiveTiling: 0
  m_AutoTiling: 0
  m_Points:
    m_Paths:
    - - {x: -0.1454831, y: 1.9008487}
      - {x: -0.40753096, y: 1.3943847}
      - {x: -0.99775314, y: 1.4055891}
      - {x: -2.397134, y: -0.032783106}
      - {x: -0.98986655, y: -1.4365258}
      - {x: -0.40373886, y: -1.4268867}
      - {x: -0.1445925, y: -1.9083979}
      - {x: 1.8103784, y: -2.504872}
      - {x: 2.3609993, y: -0.48744756}
      - {x: 2.0180497, y: -0.045954727}
      - {x: 2.3642402, y: 0.45222953}
      - {x: 1.8318495, y: 2.4649878}
